 Dungeon Crawl Stone Soup version 0.22-a0-608-g8a62e23 (webtiles) character file.

176 kae the Ruffian (level 5, -6/42 HPs)
             Began as a Draconian Transmuter on July 9, 2018.
             Killed by miscasting Spider Form (21 damage)
             ... on level 4 of the Dungeon.
             The game lasted 00:02:35 (2948 turns).

kae the Ruffian (Draconian Transmuter)              Turns: 2948, Time: 00:02:36

Health: -6/42      AC:  6    Str: 13    XL:     5   Next: 30%
Magic:  1/9        EV: 12    Int: 13    God:
Gold:   228        SH:  0    Dex: 12    Spells: 3/9 levels left

rFire    . . .     SeeInvis .     - Unarmed
rCold    . . .     Gourm    .   (no shield)
rNeg     . . .     Faith    .   (armour unavailable)
rPois    .         Spirit   .   (helmet restricted)
rElec    .         Reflect  .   (no cloak)
rCorr    .         Harm     .   (no gloves)
MR       .....                  k - +0 pair of boots
Stlth    +.........             (no amulet)
HPRegen  0.14/turn              (no ring)
MPRegen  0.11/turn              (no ring)

@: very slightly contaminated
A: unfitting armour, cold-blooded, AC +5
a: no special abilities


You were on level 4 of the Dungeon.
You were hungry.

You visited 1 branch of the dungeon, and saw 4 of its levels.

You collected 228 gold pieces.

Inventory:

Missiles
 a - 56 arrows
Armour
 k - a +0 pair of boots (worn)
Jewellery
 b - an uncursed ring of see invisible {unknown}
Scrolls
 f - 7 scrolls of identify {unknown}
 g - 2 scrolls of fear {unknown}
 h - 2 scrolls of fog {unknown}
 l - a scroll of magic mapping {unknown}
 m - a scroll of noise {unknown}
 n - 2 scrolls of blinking {unknown}
 o - a scroll of teleportation {unknown}
 s - a scroll of enchant weapon {unknown}
 t - a scroll of remove curse {unknown}
Potions
 d - a potion of ambrosia {unknown}
 e - a potion of brilliance {unknown}
 i - 3 potions of curing {unknown}
 j - 3 potions of flight {unknown}
 p - a potion of heal wounds {unknown}
 q - a potion of magic {unknown}
 r - a potion of haste {unknown}
Comestibles
 c - 12 rations


   Skills:
 + Level 2.6 Fighting
 - Level 1.7 Dodging
 * Level 4.4 Unarmed Combat
 + Level 2.9 Spellcasting
 + Level 3.0 Transmutations


You had 3 spell levels left.
You knew the following spells:

 Your Spells              Type           Power        Failure   Level  Hunger
a - Beastly Appendage     Tmut           #.....       7%          1    #......
b - Sticks to Snakes      Tmut           #.......     10%         2    ###....
c - Spider Form           Tmut/Pois      #.........   36%         3    ###....

Your spell library contained the following spells:

 Spells                   Type           Power        Failure   Level  Hunger
 Blade Hands              Tmut           #.........   88%         5    ######.
 Ice Form                 Ice/Tmut       #.......     77%         4    #####..


Dungeon Overview and Level Annotations

Branches:
Dungeon (4/15)
 Temple: D:4-7

Altars:


Innate Abilities, Weirdness & Mutations

Your plain brown scales are hard. (AC +5)
You cannot fit into any form of body armour.
You are cold-blooded and may be slowed by cold attacks.


Message History

The adder closely misses you. The wyvern skeleton bites you!
The adder bites you.
There are monsters nearby!
You miss the adder.
The adder is severely wounded.
The wyvern skeleton bites you. The adder bites you but does no damage.
You hit the adder.
The adder is almost dead.
The wyvern skeleton bites you! The adder barely misses you.
There are monsters nearby!
Casting: Sticks to Snakes (safe; 10% risk of failure)
Confirm with . or Enter, or press ? or * to list all spells.
You miscast Spider Form.
Nothing appears to happen.
The wyvern skeleton closely misses you. The adder barely misses you.
The wyvern skeleton bites you.
Casting: Spider Form (slightly dangerous; 36% risk of failure)
Confirm with . or Enter, or press ? or * to list all spells.
You miscast Spider Form.
Your body is twisted very painfully!
Ouch! That really hurt!
You die...

#.#.# ###.#.#
#...#.# #.###.#
#.###.#########
#
##.............#
.#
.......#######.#
#.## ########
#.###...#
#..@ZS#
#..##...# .....#
#.## ......## .#
#....... #
#.###### #


You could see an adder and a wyvern skeleton.

Vanquished Creatures
  A howler monkey (D:4)
  8 adders
  An ooze (D:1)
  4 worms
  2 dart slugs (D:2)
  2 leopard geckos
  3 orcs (D:3)
  5 giant cockroaches
  9 hobgoblins
  2 quokkas
  6 bats
  3 frilled lizards
  2 goblins
  4 kobolds
  4 rats
  2 toadstools (D:1)
58 creatures vanquished.

Vanquished Creatures (collateral kills)
  A worm (D:3)
1 creature vanquished.

Vanquished Creatures (others)
  An orc warrior (D:4)
  A hound (D:4)
  A leopard gecko (D:4)
  An orc (D:4)
  A quokka (D:4)
  2 toadstools (D:1)
7 creatures vanquished.

Grand Total: 66 creatures vanquished

Notes
Turn   | Place    | Note
-------+----------+-------------------------------------------
     0 | D:1      | kae the Draconian Transmuter began the quest for the Orb.
     0 | D:1      | Reached XP level 1. HP: 16/16 MP: 3/3
   119 | D:1      | Reached XP level 2. HP: 12/23 MP: 3/5
   129 | D:1      | Learned a level 2 spell: Sticks to Snakes
   783 | D:2      | Found a faded altar of an unknown god.
  1213 | D:2      | Reached XP level 3. HP: 22/29 MP: 4/6
  1718 | D:3      | Learned a level 3 spell: Spider Form
  1844 | D:2      | Reached XP level 4. HP: 16/36 MP: 1/7
  1989 | D:3      | Reached skill level 4 in Unarmed Combat
  2729 | D:4      | Reached XP level 5. HP: 41/42 MP: 6/9
  2731 | D:4      | Killed an orc warrior
  2948 | D:4      | Killed by miscasting Spider Form

Vault maps used:
D:1:      ldierk_water_garden
D:2:      chequers_ecumenical_altar_island, first_ration
D:3:      grunt_ministairs_6
D:4:      xom_confusion_cloud, minmay_overflow_temple_hex,
          biasface_ghost_orc_armoury, uniq_sigmund, uniq_eustachio, uniq_duvessa

Skill      XL: |  1  2  3  4  5 |
---------------+----------------+-----
Fighting       | 2 |  2.6
Unarmed Combat | 4 |  4.4
Transmutations | 3 |  3.0
Dodging        | |  1.7
Spellcasting   | |  2.9

Action                   |  1- 3 |  4- 6 || total
-------------------------+-------+-------++-------
Melee: Unarmed           |   124 |    89 ||   213
       Tailslap          |    15 |     9 ||    24
       Kick              |     9 |       ||     9
       Headbutt          |     3 |     3 ||     6
       Punch             |     2 |     1 ||     3
 Cast: Beastly Appendage |    19 |     4 ||    23
       Sticks to Snakes  |     1 |     2 ||     3
       Spider Form       |       |     2 ||     2
  Use: Scroll            |     1 |       ||     1
 Stab: Sleeping          |     1 |       ||     1
  Eat: Chunk             |     3 |     4 ||     7
Armor: Skin              |    42 |    26 ||    68
Dodge: Dodged            |    88 |    58 ||   146

Table legend:
 A = Spawn XP
 B = Non-spawn XP
 C = Spawn XP percentage of total XP
 D = Spawn monster count
 E = Non-spawn monster count
 F = Spawn count percentage of total count
 G = Total turns spent on level
                    A         B        C        D         E        F      G
               +---------+---------+-------+---------+---------+-------+---------
         Total |       0 |     252 |   0.0 |       0 |      57 |   0.0 |  2948
               +---------+---------+-------+---------+---------+-------+---------
           D:1 |       0 |      20 |   0.0 |       0 |       9 |   0.0 |   706
           D:2 |       0 |      78 |   0.0 |       0 |      20 |   0.0 |  1153
           D:3 |       0 |      97 |   0.0 |       0 |      25 |   0.0 |   862
           D:4 |       0 |      57 |   0.0 |       0 |       3 |   0.0 |   227
               +---------+---------+-------+---------+---------+-------+---------
